 Dungeon Crawl Stone Soup version 0.17-a0-764-gd40c196 (webtiles) character file.

44 petka the Firebug (level 3, -1/19 HPs)
             Began as a Gargoyle Fire Elementalist on Apr 23, 2015.
             Was an Initiate of Ru.
             Slain by a wandering mushroom (11 damage)
             ... created by the enmity of Fedhas Madash
             ... on level 3 of the Dungeon.
             The game lasted 00:23:28 (1105 turns).

petka the Firebug (Gargoyle Fire Elementalist)      Turns: 1105, Time: 00:23:28

Health: -1/19      AC:  8    Str: 11    XL:     3   Next: 60%
Magic:  1/6        EV: 12    Int: 19    God:    Ru [......]
Gold:   14         SH:  0    Dex: 13    Spells: 1 memorised, 5 levels left

rFire  . . .     SeeInvis .     y - +4 short sword
rCold  + . .     Clarity  .     v - +1 leather armour {rC+}
rNeg   + . .     SustAb   .     (no shield)
rPois  ∞         Gourm    .     (no helmet)
rElec  +         Spirit   .     (no cloak)
rCorr  .         Warding  .     N - +0 pair of gloves (curse)
rMut   .         Stasis   .     (no boots)
MR     .....                    (no amulet)
Stlth  ++........               I - +3 ring of dexterity
                                s - +3 ring of intelligence

@: not resistant to hostile enchantments, unstealthy
A: negative energy resistance 1, electricity resistance, unbreathing,
petrification resistance, rot immunity, AC +3
a: Renounce Religion


You were on level 3 of the Dungeon.
You worshipped Ru.
Ru was noncommittal.
You were not hungry.

You visited 1 branch of the dungeon, and saw 3 of its levels.

You collected 14 gold pieces.

Inventory:

Hand weapons
 e - a +0 dagger
 j - a +0 club
 l - a +0 hunting sling
 m - a +0 club
 o - a +0 club
 q - a +0 spear
 t - a +0 trident
 u - a cursed -2 club
 y - a +4 short sword (weapon)
 A - a +0 short sword
 D - a +0 club
 E - a +0 dagger
 G - a +0 club
 H - a +0 whip
 K - a +0 spear
 L - a +0 club
 O - a +0 dagger
Missiles
 c - 17 stones
 h - 6 poisoned needles
 i - 12 bolts of frost
 r - 2 throwing nets (quivered)
 M - 33 arrows
Armour
 a - a +0 robe
 g - a +0 scale mail
 k - a +0 robe
 v - a +1 leather armour of cold resistance (worn)
 w - a +0 pair of gloves
 N - a cursed +0 pair of gloves (worn)
 P - a +0 leather armour
Jewellery
 s - a +3 ring of intelligence (left hand)
 I - a +3 ring of dexterity (right hand)
Scrolls
 d - 4 scrolls of teleportation {unknown}
 n - a scroll of fear {unknown}
 p - 2 scrolls of identify {unknown}
 B - a scroll of random uselessness {unknown}
 C - 2 scrolls of recharging {unknown}
 F - a scroll of amnesia {unknown}
Potions
 f - a potion of haste {unknown}
 x - a potion of resistance {unknown}
 Q - 2 potions of brilliance {unknown}
Books
 b - a book of Flames

   Spells                             Type                      Level
   a - Flame Tongue                   Conjuration/Fire             1
   b - Throw Flame                    Conjuration/Fire             2
   c - Conjure Flame                  Conjuration/Fire             3
   d - Inner Flame                    Hexes/Fire                   3
   e - Sticky Flame                   Conjuration/Fire             4
   f - Fireball                       Conjuration/Fire             5
Comestibles
 z - a meat ration
 J - a beef jerky


   Skills:
 + Level 0.2 Armour
 + Level 1.9 Dodging
 + Level 2.3 Stealth
 + Level 2.3 Spellcasting
 + Level 1.5 Conjurations
 + Level 3.6 Fire Magic


You had 5 spell levels left.
You knew the following spells:

 Your Spells              Type           Power        Failure   Level  Hunger
a - Flame Tongue          Conj/Fire      ##...        10%         1    #......


Dungeon Overview and Level Annotations

Branches:
Dungeon (3/15)

Altars:
Cheibriados
Fedhas
Gozag
Ru
Xom

Annotations:
D:3 exclusion: oklob plant


Innate Abilities, Weirdness & Mutations

You are resistant to torment.
Your stone body is resilient (AC +3).
You are immune to poison.
You resist negative energy.
You are resistant to electric shocks.
You can survive without breathing.
You are immune to petrification.
You are immune to rotting.


Message History

Marking area around the oklob plant as unsafe for travelling. 4 wandering mushrooms and an oklob plant come into view.
You hit the wandering mushroom.
The wandering mushroom is lightly damaged.
Casting: Flame Tongue
Confirm with . or Enter, or press ? or * to list all spells.
Aiming: Flame Tongue
Press: ? - help, Shift-Dir - straight line, f - wandering mushroom
Aim: a wandering mushroom (lightly damaged, durably summoned)
The flame tongue hits the wandering mushroom.
The wandering mushroom is lightly damaged.
The wandering mushroom releases spores at you but does no damage.
The wandering mushroom releases spores at you.
The wandering mushroom closely misses you.
The wandering mushroom releases spores at you!
You hit the wandering mushroom.
The wandering mushroom is moderately damaged.
The wandering mushroom releases spores at you!
Ouch! That really hurt!
You die...

#. ##...# #. ..#.#
#. .. .###.. .. .
. .# .# %. .# ##..
...#####.#....#
#...)Pff..#
##....f@#
#...###f######## #
#.......<....#
##....######......
.....#..# ...
..#####.. . # ###


You could see an oklob plant and 4 wandering mushrooms.

Vanquished Creatures
  An adder (D:2)
  A worm (D:3)
  An orc (D:3)
  3 hobgoblins (D:1)
  4 jackals (D:2)
  2 kobolds
  4 giant cockroaches
  A giant gecko (D:3)
  4 giant newts
  4 goblins
  7 rats
32 creatures vanquished.

Notes
Turn   | Place    | Note
--------------------------------------------------------------
     0 | D:1      | petka, the Gargoyle Fire Elementalist, began the quest for the Orb.
     0 | D:1      | Reached XP level 1. HP: 10/10 MP: 3/3
   239 | D:2      | Reached XP level 2. HP: 15/15 MP: 3/5
   250 | D:2      | Found an opulent altar of Gozag.
   250 | D:2      | Found a sacrificial altar of Ru.
   252 | D:2      | Found a snail-covered altar of Cheibriados.
   308 | D:2      | Found a shimmering altar of Xom.
   316 | D:2      | Became a worshipper of Ru the Awakened
   424 | D:2      | Found a blossoming altar of Fedhas.
   437 | D:2      | Fell from the grace of Ru
   437 | D:2      | Became a worshipper of Fedhas Madash
   474 | D:2      | Reached XP level 3. HP: 17/19 MP: 0/6
   987 | D:2      | Fell from the grace of Fedhas
   987 | D:2      | Became a worshipper of Ru the Awakened
  1103 | D:3      | Noticed a wandering mushroom
  1103 | D:3      | Noticed a wandering mushroom
  1103 | D:3      | Noticed a wandering mushroom
  1103 | D:3      | Noticed an oklob plant
  1103 | D:3      | Noticed a wandering mushroom
  1105 | D:3      | Slain by a wandering mushroom

Action                   || total
-------------------------++-------
Melee: Dagger            ||     1
       Short sword       ||    26
       Spear             ||     3
 Cast: Flame Tongue      ||    51
  Eat: Bread ration      ||     1
